 Dungeon Crawl Stone Soup version 0.17.1-3-g152610e (console) character file.

148512 brucemayne the Severer (level 16, -3/127 HPs)
             Began as a Demonspawn Berserker on Feb 27, 2016.
             Was a Priest of Trog.
             Hit by a javelin thrown by a merfolk javelineer (12 damage)
             ... on level 4 of the Shoals on Feb 28, 2016.
             The game lasted 01:17:55 (11712 turns).

brucemayne the Severer (Demonspawn Berserker)      Turns: 11712, Time: 01:17:55

Health: -3/127     AC: 27    Str: 22    XL:     16   Next: 64%
Magic:  0/5        EV: 19    Int:  8    God:    Trog [***...]
Gold:   1117       SH:  0    Dex: 16    Spells: 0 memorised, 15 levels left

rFire  . . .     SeeInvis .     p - +4 executioner's axe (antimagic)
rCold  + + .     Clarity  .     C - +0 ice dragon armour "Seyriff" {+Inv rPois rF- rC++ Str+2 Stlth+}
rNeg   + . .     SustAt   .     (shield currently unavailable)
rPois  +         Gourm    .     F - +0 helmet
rElec  .         Spirit   +     o - +1 ratskin cloak {rPois rN+ Int-1 Dex-1}
rCorr  .         Warding  .     B - +1 pair of gloves
rMut   .         Stasis   .     (boots unavailable)
MR     +....                    O - amulet of guardian spirit
Stlth  +.........               L - +3 ring of evasion
                                d - +5 ring of protection

@: mesmerised, somewhat resistant to hostile enchantments, very unstealthy
A: talons 3, thin metallic scales 2, fire resistance 1, spiny 3, flame cloud
immunity
a: Berserk, Trog's Hand, Burn Spellbooks, Renounce Religion, Evoke Invisibility
}: 1/15 runes: serpentine


You were on level 4 of the Shoals.
You worshipped Trog.
Trog was most pleased with you.
You were not hungry.

You visited 5 branches of the dungeon, and saw 33 of its levels.
You also visited: Labyrinth, Bailey and Volcano.

You collected 2059 gold pieces.
You spent 942 gold pieces at shops.

Inventory:

Hand Weapons
 p - a +4 antimagic executioner's axe (weapon)
 R - a +0 hand axe of distortion
 U - a +3 broad axe
Missiles
 l - 26 poisoned needles
 A - 3 throwing nets
 V - 10 javelins (quivered)
Armour
 o - the +1 ratskin cloak (worn) {rPois rN+ Int-1 Dex-1}
   (You found it on level 6 of the Lair of Beasts)

   It affects your intelligence (-1).
   It affects your dexterity (-1).
   It protects you from poison.
   It protects you from negative energy.
 B - a +1 pair of gloves (worn)
 C - the +0 ice dragon armour "Seyriff" (worn) {+Inv rPois rF- rC++ Str+2 Stlth+}
   (You found it in a bailey)

   It affects your strength (+2).
   It makes you vulnerable to fire.
   It greatly protects you from cold.
   It protects you from poison.
   It lets you turn invisible.
   It makes you more stealthy.
 F - a +0 helmet (worn)
Rods
 r - a -3 lightning rod (9/9)
   (You found it in a labyrinth)
Jewellery
 d - a +5 ring of protection (left hand)
 y - an uncursed ring of stealth
 K - an uncursed ring of teleportation
 L - a +3 ring of evasion (right hand)
 O - an amulet of guardian spirit (around neck)
 Z - an uncursed ring of protection from fire
Wands
 a - a wand of fireball (9)
 b - a wand of lightning (11)
 m - a wand of cold (5)
 n - a wand of teleportation (3)
 q - a wand of digging (4)
 t - a wand of fire (5)
 w - a wand of fire (3)
 z - a wand of disintegration (0)
 P - a wand of flame (37)
Scrolls
 e - 6 scrolls of teleportation
 f - a scroll of identify
 g - 2 scrolls of remove curse
 j - 3 scrolls of immolation
 u - a scroll of fog
 x - 4 scrolls of fear
 I - 2 scrolls of recharging
 M - 6 scrolls of enchant armour
Potions
 h - 2 potions of magic
 s - 2 potions of cancellation
 D - a potion of resistance
 E - a potion of might
 S - a potion of berserk rage {unknown}
 T - a potion of lignification
 X - 2 potions of flight
Books
 k - a Young Poisoner's Handbook

   Spells                             Type                      Level
   a - Sting                          Conjuration/Poison           1
   b - Cure Poison                    Poison                       2
   c - Mephitic Cloud                 Conjuration/Poison/Air       3
   d - Olgreb's Toxic Radiance        Poison                       4
   e - Venom Bolt                     Conjuration/Poison           5
   Trog disapproves of the use of such an item.
 v - a Fen Folio

   Spells                             Type                      Level
   a - Corpse Rot                     Necromancy                   2
   b - Stone Arrow                    Conjuration/Earth            3
   c - Leda's Liquefaction            Hexes/Earth                  4
   d - Summon Forest                  Summoning/Translocation      5
   e - Hydra Form                     Transmutation                6
   f - Summon Hydra                   Summoning                    7
   Trog disapproves of the use of such an item.
 N - a book of Envenomations

   Spells                             Type                      Level
   a - Spider Form                    Transmutation/Poison         3
   b - Alistair's Intoxication        Transmutation/Poison         4
   c - Olgreb's Toxic Radiance        Poison                       4
   d - Poisonous Cloud                Conjuration/Poison/Air       6
   Trog disapproves of the use of such an item.
 Y - a book of Party Tricks

   Spells                             Type                      Level
   a - Summon Butterflies             Summoning                    1
   b - Apportation                    Translocation                1
   c - Tukima's Dance                 Hexes                        3
   d - Alistair's Intoxication        Transmutation/Poison         4
   e - Invisibility                   Hexes                        6
   Trog disapproves of the use of such an item.
Comestibles
 c - 6 bread rations


   Skills:
 - Level 11.7 Fighting
 - Level 20.4 Axes
 - Level 10.5 Armour
 + Level 10.1 Dodging


You had 15 spell levels left.
You didn't know any spells.

Dungeon Overview and Level Annotations

Branches:
Dungeon (13/15)            Temple (0/1) D:7            Lair (8/8) D:11
 Shoals (4/4) Lair:4        Snake (4/4) Lair:5        Slime (0/6) Lair:6
    Orc (4/4) D:10            Elf (0/3) Orc:3
 Vaults: D:13-14

Altars:
Ashenzari
Vehumet
Zin
The Shining One
Jiyva

Shops:
D:12 ?   Orc:1 *   Orc:2 ((   Orc:4 *%?}%   Shoals:4 }   Snake:2 %

Annotations:
Lair:8 exclusion: oklob plant
Shoals:3 exclusion: Roxanne, Roxanne
Orc:3 Rupert
Orc:4 exclusion: upstairs


Innate Abilities, Weirdness & Mutations

You have claws for feet.
You are mostly covered in thin metallic scales (AC +3).
Your flesh is heat resistant.
You are completely covered in sharp spines.
You are immune to clouds of flame.


Message History

You hit the sea snake.
The sea snake is severely wounded.
Your skin stops crawling.
You feel less resistant to hostile enchantments.
The sea snake closely misses you.
The merfolk avatar chants its luring song.
The merfolk javelineer throws a javelin.
The javelin hits you!
* * * LOW HITPOINT WARNING * * *
Read which item? (? for menu, Esc to quit)
As you read the scroll of fear, it crumbles to dust.
You assume a fearsome visage.
The merfolk javelineer resists with almost no effort.
The sea snake resists with some effort.
The merfolk avatar resists with some effort.
The sea snake bites you but does no damage.
The merfolk avatar chants its luring song.
The merfolk javelineer throws a javelin.
The javelin hits you!
You die...

#...(...(...≈≈≈≈≈≈≈≈≈≈≈
#..............≈≈≈≈≈≈≈≈≈
................≈≈≈≈≈≈≈≈
.................≈≈≈≈≈≈≈
.(.....#####.§§§....≈≈≈≈
.......# ##.§§§......≈≈
......#.###†#§§§......≈≈
.)...#...≈...##§S.....≈≈
)#$..#≈.#.#.##.m@.....(≈
∩'..≈# ≈...≈ ##....m...#
'#..##≈.#.#. #........#
m≈≈.##...≈.. #.........
≈≈≈...... #. .........≈
≈≈≈E...##### ..........≈
≈≈m....#≈# ...........
.≈≈≈≈..... ...........≈
..†..m....


You could see a merfolk avatar, a merfolk javelineer and a sea snake.

Vanquished Creatures
  Ilsuiw (Shoals:4)
  9 greater nagas (Snake:4)
  Maud (Orc:4)
  Louise (Shoals:1)
  2 dire elephants (Lair:8)
  5 merfolk javelineers
  Snorg (Lair:6)
  A minotaur (Lab)
  Josephine (Lair:6)
  2 merfolk impalers (Shoals:4)
  A hydra (Lair:8)
  4 naga warriors
  Erolcha (D:12)
  A merfolk avatar (Shoals:4)
  An alligator snapping turtle (Shoals:3)
  4 merfolk aquamancers (Shoals:4)
  2 ogre magi (Orc:4)
  7 anacondas
  9 naga sharpshooters
  2 shock serpents
  20 sea snakes
  2 naga ritualists
  A deep troll (Orc:4)
  The ghost of MrTails the Chopper, a novice GrFi of Okawaru (Bailey)
  2 lindwurms
  3 harpies
  4 hill giants
  A salamander (Snake:2)
  3 mana vipers
  6 griffons
  4 water nymphs
  7 manticores
  A faun (Shoals:2)
  7 cyclopes
  9 guardian serpents
  7 sirens
  A centaur zombie (D:13)
  10 elephants
  Joseph (D:9)
  9 naga magi
  19 black mambas
  2 molten gargoyles (Volcano)
  Psyche (D:12)
  5 komodo dragons
  A gargoyle (D:10)
  2 centaur skeletons
  5 spiny frogs
  3 fire drakes
  7 trolls
  22 merfolk
  10 snapping turtles
  A queen bee (Lair:6)
  A polar bear (Lair:5)
  6 two-headed ogres (Orc:4)
  8 blink frogs
  2 wind drakes (Shoals:4)
  A boulder beetle (Lair:7)
  10 water elementals
  A trapdoor spider zombie (D:12)
  2 deep elf magi
  4 wraiths
  A wyvern (D:12)
  2 hungry ghosts
  23 yaks
  9 hippogriffs
  A basilisk (D:12)
  2 fire bats (Volcano)
  15 wolves
  Menkaure (D:5)
  33 nagas
  9 water moccasins
  2 wargs
  A wasp (D:12)
  A mottled dragon (Volcano)
  7 porcupines
  Purgy (D:3)
  11 orc warriors
  21 ogres
  10 crocodiles
  5 centaurs
  An earth elemental (Lab)
  9 giant frogs
  4 scorpions
  16 killer bees
  2 electric eels (Snake:2)
  2 crimson imps
  2 jellies (D:13)
  2 hounds
  13 orc priests
  A quasit (D:11)
  20 orc wizards
  2 worker ants
  2 hell rats (D:11)
  6 iguanas
  11 sheep
  A hound skeleton (D:7)
  A hound zombie (D:8)
  A worker ant zombie (D:7)
  8 adders
  25 river rats
  A shadow imp (D:11)
  A worm (D:3)
  A giant gecko (D:8)
  126 orcs
  A giant cockroach (D:3)
  4 hobgoblins
  15 jackals
  4 quokkas
  A ball python (D:1)
  2 bats
  A giant cockroach zombie (D:6)
  3 giant newts
  7 goblins
  3 kobolds
  A quokka zombie (D:5)
  4 rats
  3 fungi
  16 plants
746 creatures vanquished.

Vanquished Creatures (collateral kills)
  A greater naga (Snake:4)
  2 dire elephants (Lair:8)
  A merfolk impaler (Shoals:4)
  A merfolk javelineer (Shoals:4)
  A merfolk aquamancer (Shoals:4)
  A shock serpent (Snake:4)
  A deep troll (Orc:4)
  A manticore (Shoals:4)
  2 salamanders (Snake:4)
  A black mamba (Snake:4)
  A troll (Orc:4)
  A merfolk (Shoals:4)
  An ogre (Orc:4)
  2 sheep (Shoals:4)
17 creatures vanquished.

Vanquished Creatures (others)
  A harpy (Shoals:4)
  A water elemental (Shoals:4)
  An orc (D:12)
  6 fungi (Lair:8)
  12 plants
21 creatures vanquished.

Grand Total: 784 creatures vanquished

Notes
Turn   | Place    | Note
--------------------------------------------------------------
     0 | D:1      | brucemayne the Demonspawn Berserker began the quest for the Orb.
     0 | D:1      | Reached XP level 1. HP: 18/18 MP: 1/1
   183 | D:1      | Found a glowing golden altar of the Shining One.
   222 | D:1      | Gained mutation: You have sharp toenails. [demonic ancestry]
   222 | D:1      | Reached XP level 2. HP: 16/24 MP: 2/2
   446 | D:2      | Gained mutation: Your flesh is heat resistant. [demonic ancestry]
   446 | D:2      | Reached XP level 3. HP: 20/29 MP: 3/3
   447 | D:2      | Reached skill level 4 in Axes
   460 | D:2      | Reached ** piety under Trog
   571 | D:3      | Gained mutation: You are partially covered in sharp spines. [demonic ancestry]
   571 | D:3      | Reached XP level 4. HP: 20/35 MP: 4/4
   577 | D:3      | Noticed Purgy
   585 | D:3      | Killed Purgy
   585 | D:3      | Reached skill level 5 in Axes
   585 | D:3      | Reached XP level 5. HP: 30/41 MP: 5/5
   687 | D:5      | Entered Level 5 of the Dungeon
   745 | D:4      | Noticed a phantom
   806 | D:5      | Noticed a centaur
   807 | D:5      | Noticed Menkaure
   812 | D:5      | Killed a centaur
   812 | D:5      | Reached skill level 6 in Axes
   812 | D:5      | Reached XP level 6. HP: 41/47 MP: 6/6
   816 | D:5      | Killed Menkaure
   897 | D:6      | Reached skill level 7 in Axes
   902 | D:6      | Gained mutation: You are partially covered in thin metallic scales (AC +2). [demonic ancestry]
   902 | D:6      | Reached XP level 7. HP: 34/52 MP: 7/7
  1007 | D:7      | Reached *** piety under Trog
  1072 | D:8      | Reached skill level 8 in Axes
  1092 | D:7      | Found a staircase to the Ecumenical Temple.
  1234 | D:8      | Reached skill level 9 in Axes
  1234 | D:8      | Reached XP level 8. HP: 44/58 MP: 8/8
  1239 | D:8      | Noticed a centaur skeleton
  1252 | D:8      | Killed a centaur skeleton
  1278 | D:9      | Found a glowing silver altar of Zin.
  1372 | D:10     | Entered Level 10 of the Dungeon
  1403 | D:11     | Reached skill level 10 in Axes
  1436 | D:11     | Noticed a cyclops
  1447 | D:11     | Killed a cyclops
  1447 | D:11     | Reached skill level 11 in Axes
  1447 | D:11     | Reached XP level 9. HP: 63/63 MP: 9/9
  1529 | D:11     | Noticed a centaur skeleton
  1538 | D:11     | Killed a centaur skeleton
  1575 | D:11     | Reached **** piety under Trog
  1588 | D:11     | Noticed a komodo dragon
  1599 | D:11     | Killed a komodo dragon
  1599 | D:11     | Reached skill level 12 in Axes
  1640 | D:11     | Found a staircase to the Lair.
  1679 | D:11     | Found a flagged portal.
  1694 | Bailey   | Entered a bailey
  1701 | Bailey   | Noticed MrTails's ghost (novice GrFi)
  1730 | Bailey   | Killed MrTails's ghost
  1944 | Bailey   | Got an ancient helmet
  1947 | Bailey   | Got a blackened ice dragon armour
  1955 | Bailey   | Identified the -5 helmet of Lotam {MR- Str+12} (You found it in a bailey)
  1966 | Bailey   | Identified the +0 ice dragon armour "Seyriff" {+Inv rPois rF- rC++ Str+2 Stlth+} (You found it in a bailey)
  2241 | D:10     | Reached skill level 13 in Axes
  2310 | D:12     | Found Bapedudo's Magic Scroll Boutique.
  2370 | D:12     | Noticed Erolcha
  2390 | D:12     | Gained mutation: You are mostly covered in sharp spines. [demonic ancestry]
  2390 | D:12     | Reached XP level 10. HP: 34/70 MP: 10/10
  2440 | D:12     | Killed Erolcha
  2601 | D:13     | Noticed a red ugly thing
  2630 | D:13     | Reached skill level 14 in Axes
  2735 | D:12     | Noticed Psyche
  2740 | D:12     | Killed Psyche
  2918 | D:12     | Noticed a hill giant
  2932 | D:12     | Killed a hill giant
  2932 | D:12     | Reached skill level 5 in Fighting
  3034 | D:10     | Noticed a gargoyle
  3053 | D:10     | Killed a gargoyle
  3053 | D:10     | Gained mutation: You are completely covered in sharp spines. [demonic ancestry]
  3053 | D:10     | Reached XP level 11. HP: 37/80 MP: 11/11
  3136 | D:10     | Got a translucent ring mail
  3274 | D:9      | Noticed Joseph
  3277 | D:9      | Noticed a troll
  3287 | D:9      | Killed a troll
  3296 | D:9      | Killed Joseph
  3391 | D:10     | Reached skill level 5 in Armour
  3440 | D:10     | Found a staircase to the Orcish Mines.
  3449 | Orc:1    | Entered Level 1 of the Orcish Mines
  3449 | Orc:1    | Found Utsoig's General Store.
  3633 | Orc:2    | Reached ***** piety under Trog
  3671 | Orc:2    | Found Jonoenk's Antique Weapon Shoppe.
  3701 | Orc:2    | Found Ifalesh's Antique Weapon Shoppe.
  3850 | Orc:1    | Found a dark tunnel.
  3862 | Volcano  | Entered a volcano
  3952 | Volcano  | Found a bloodstained altar of Trog.
  3952 | Volcano  | Noticed a lindwurm
  3961 | Volcano  | Killed a lindwurm
  4036 | Volcano  | Received a gift from Trog
  4037 | Volcano  | Got a shimmering greatsling {god gift}
  4124 | Orc:2    | Found a radiant altar of Vehumet.
  4199 | Orc:3    | Found a staircase to the Elven Halls.
  4267 | Orc:4    | Entered Level 4 of the Orcish Mines
  4314 | Orc:3    | Noticed Rupert
  4494 | Orc:4    | Found Gusukh's Assorted Antiques.
  4675 | Orc:4    | Reached skill level 15 in Axes
  4692 | Orc:4    | Noticed a hill giant
  4711 | Orc:4    | Killed a hill giant
  4732 | Orc:4    | Gained mutation: You are mostly covered in thin metallic scales (AC +3). [demonic ancestry]
  4732 | Orc:4    | Reached XP level 12. HP: 68/92 MP: 12/12
  4769 | Orc:4    | Noticed an ogre mage
  4790 | Orc:4    | Killed an ogre mage
  4832 | Orc:4    | Noticed a deep troll
  4845 | Orc:4    | Killed a deep troll
  4870 | Orc:4    | Found Afrusk's Magic Scroll Boutique.
  4871 | Orc:4    | Found Plog's Food Shop.
  4878 | Orc:4    | Found Voil's Food Emporium.
  4882 | Orc:4    | Noticed a hill giant
  4885 | Orc:4    | Noticed a deep troll
  4903 | Orc:4    | Reached skill level 16 in Axes
  4909 | Orc:4    | Killed a hill giant
  4930 | Orc:4    | Noticed an ogre mage
  4934 | Orc:4    | Received a gift from Trog
  4943 | Orc:4    | Killed an ogre mage
  4968 | Orc:4    | Killed a deep troll
  5013 | Orc:4    | Found Reprolat's Gadget Boutique.
  5039 | Orc:4    | Bought a scroll of fog for 32 gold pieces
  5039 | Orc:4    | Bought a scroll of recharging for 152 gold pieces
  5039 | Orc:4    | Bought a scroll of identify for 32 gold pieces
  5039 | Orc:4    | Bought a scroll of identify for 32 gold pieces
  5039 | Orc:4    | Bought a scroll of identify for 32 gold pieces
  5072 | Orc:4    | Noticed Maud
  5087 | Orc:4    | Killed Maud
  5126 | Orc:4    | Bought a runed broad axe for 128 gold pieces
  5269 | Orc:1    | Bought a scroll of enchant armour for 120 gold pieces
  5269 | Orc:1    | Bought a potion of flight for 48 gold pieces
  5269 | Orc:1    | Bought a scroll of remove curse for 48 gold pieces
  5286 | D:10     | Noticed a hill giant
  5295 | D:10     | Killed a hill giant
  5336 | Lair:1   | Entered Level 1 of the Lair of Beasts
  5371 | Lair:1   | Identified the cursed +0 ring mail of Houxzopa {rF+ rN+ MP+9 Str+4} (You found it on level 10 of the Dungeon)
  5402 | Lair:1   | Reached skill level 17 in Axes
  5491 | Lair:2   | Found a labyrinth entrance.
  5499 | Lab      | Entered a labyrinth
  6003 | Lab      | Noticed a minotaur
  6012 | Lab      | Killed a minotaur
  6018 | Lab      | Identified Kousaera's Papyrus of Harmful Hexes
  6019 | Lab      | Got a pair of heavily runed boots
  6025 | Lab      | Identified the +2 pair of boots "Fuarph" {rElec rC+ Dex+3} (You found it in a labyrinth)
  6025 | Lab      | NICE TALONS
  6553 | Lair:7   | Gained mutation: You are immune to clouds of flame. [demonic ancestry]
  6553 | Lair:7   | Reached XP level 13. HP: 89/98 MP: 2/13
  6607 | Lair:8   | Entered Level 8 of the Lair of Beasts
  6870 | Lair:8   | Reached skill level 18 in Axes
  7180 | Lair:8   | Noticed a dire elephant
  7180 | Lair:8   | Noticed a dire elephant
  7193 | Lair:8   | Killed a dire elephant
  7194 | Lair:8   | Killed a dire elephant
  7209 | Lair:8   | Got an ancient buckler
  7238 | Lair:8   | Noticed a dire elephant
  7257 | Lair:8   | Killed a dire elephant
  7308 | Lair:8   | Noticed a dire elephant
  7324 | Lair:8   | Killed a dire elephant
  7574 | Lair:6   | Reached skill level 19 in Axes
  7578 | Lair:6   | Found a staircase to the Slime Pits.
  7579 | Lair:6   | Found a viscous altar of Jiyva.
  7585 | Lair:6   | Noticed Snorg
  7597 | Lair:6   | Killed Snorg
  7621 | Lair:6   | Reached ****** piety under Trog
  7839 | Lair:6   | Noticed Josephine
  7851 | Lair:6   | Killed Josephine
  7851 | Lair:6   | Gained mutation: You have razor-sharp toenails. [demonic ancestry]
  7851 | Lair:6   | Reached XP level 14. HP: 91/105 MP: 12/14
  7857 | Lair:6   | Received a gift from Trog
  7894 | Lair:5   | Found a staircase to the Snake Pit.
  7934 | Snake:1  | Entered Level 1 of the Snake Pit
  8197 | Snake:2  | Found Lekothrou's Food Shop.
  8219 | Snake:2  | Bought a bread ration for 65 gold pieces
  8219 | Snake:2  | Bought 3 fruits for 58 gold pieces
  8219 | Snake:2  | Bought a meat ration for 65 gold pieces
  8219 | Snake:2  | Bought a bread ration for 65 gold pieces
  8219 | Snake:2  | Bought a bread ration for 65 gold pieces
  8333 | Snake:3  | Reached skill level 20 in Axes
  8568 | Snake:4  | Entered Level 4 of the Snake Pit
  8595 | Snake:4  | Noticed a greater naga
  8601 | Snake:4  | Killed a greater naga
  8613 | Snake:4  | Noticed a greater naga
  8614 | Snake:4  | Noticed a greater naga
  8621 | Snake:4  | Killed a greater naga
  8623 | Snake:4  | Killed a greater naga
  8632 | Snake:4  | Received a gift from Trog
  8636 | Snake:4  | Noticed a greater naga
  8641 | Snake:4  | Killed a greater naga
  8687 | Snake:4  | Found a shattered altar of Ashenzari.
  8744 | Snake:4  | Noticed a greater naga
  8795 | Snake:4  | Reached skill level 10 in Fighting
  8795 | Snake:4  | Gained mutation: You have claws for feet. [demonic ancestry]
  8795 | Snake:4  | Reached XP level 15. HP: 63/115 MP: 3/15
  8796 | Snake:4  | sosad
  8935 | Snake:4  | Killed a greater naga
  9234 | Snake:4  | Noticed a greater naga
  9245 | Snake:4  | Killed a greater naga
  9246 | Snake:4  | Noticed a greater naga
  9254 | Snake:4  | Noticed a greater naga
  9285 | Snake:4  | Received a gift from Trog
  9322 | Snake:4  | Killed a greater naga
  9363 | Snake:4  | Noticed a greater naga
  9448 | Snake:4  | Killed a greater naga
  9465 | Snake:4  | Killed a greater naga
  9483 | Snake:4  | Got a serpentine rune of Zot
  9512 | Snake:4  | Noticed a greater naga
  9528 | Snake:4  | Killed a greater naga
  9528 | Snake:4  | Received a gift from Trog
  9675 | Snake:2  | Reached skill level 10 in Armour
  9703 | Snake:2  | Got an ancient steel ring
  9716 | Snake:1  | Identified the cursed ring "Keagocoqa" {*Confuse rN+ Str-3 Slay+4} (You found it on level 2 of the Snake Pit)
 10038 | Lair:4   | Found a staircase to the Shoals.
 10067 | Shoals:1 | Entered Level 1 of the Shoals
 10088 | Shoals:1 | Noticed Louise
 10236 | Shoals:1 | Killed Louise
 10419 | Shoals:3 | Received a gift from Trog
 10442 | Shoals:4 | Entered Level 4 of the Shoals
 10505 | Shoals:3 | Reached XP level 16. HP: 56/127 MP: 4/16
 10517 | Shoals:3 | Noticed Roxanne
 10580 | Shoals:4 | Reached skill level 5 in Dodging
 10623 | Shoals:4 | Found Wadaon's Gadget Emporium.
 10645 | Shoals:4 | Noticed Ilsuiw
 11052 | Shoals:4 | HP: 6/127 [merfolk javelineer/silver javelin (8)]
 11052 | Shoals:4 | HP: 2/127 [merfolk javelineer/silver javelin (4)]
 11202 | Shoals:4 | Received a gift from Trog
 11264 | Shoals:4 | Killed Ilsuiw
 11697 | Shoals:4 | Reached skill level 10 in Dodging
 11712 | Shoals:4 | Hit by a javelin thrown by a merfolk javelineer

Action                   |  1- 3 |  4- 6 |  7- 9 | 10-12 | 13-15 | 16-18 || total
-------------------------+-------+-------+-------+-------+-------+-------++-------
Melee: Hand axe          |   106 |    39 |   240 |   217 |       |       ||   602
       Battleaxe         |       |       |       |   305 |   664 |       ||   969
       Dire flail        |       |       |       |       |     4 |       ||     4
       Executioner's axe |       |       |       |       |   157 |   289 ||   446
Invok: Berserk           |     2 |     2 |     6 |    12 |    12 |       ||    34
       Trog's Hand       |       |       |     8 |    15 |    22 |    27 ||    72
       Brothers in Arms  |       |       |       |     1 |     3 |     2 ||     6
Evoke: Wand              |       |       |       |     4 |     4 |     3 ||    11
  Use: Scroll            |       |     4 |     2 |    17 |    16 |     7 ||    46
       Potion            |       |       |     2 |       |     5 |    10 ||    17
 Stab: Invisible         |       |       |       |       |       |    11 ||    11
       Distracted        |       |       |       |       |       |     1 ||     1
  Eat: Chunk             |     1 |     3 |     3 |    13 |    13 |       ||    33
       Fruit             |       |       |     4 |       |     5 |       ||     9
       Royal jelly       |       |       |     2 |       |       |       ||     2
       Beef jerky        |       |       |     1 |       |     2 |       ||     3
       Meat ration       |       |       |       |     2 |     1 |     1 ||     4
       Bread ration      |       |       |       |     2 |     1 |     1 ||     4
       Pizza             |       |       |       |       |     1 |       ||     1
